 Dungeon Crawl Stone Soup version 0.23-a0-296-ga3b1b28 (webtiles) character file.

1646 iamserjio the Slasher (level 8, 0/56 HPs)
             Began as an Octopode Berserker on Oct 5, 2018.
             Was a Priest of Trog.
             Slain by an eight-headed hydra (3 damage)
             ... on level 8 of the Dungeon.
             The game lasted 00:10:48 (1620 turns).

iamserjio the Slasher (Octopode Berserker)          Turns: 1620, Time: 00:10:48

Health: 0/56       AC:  1    Str: 16    XL:     8   Next: 99%
Magic:  8/8        EV: 16    Int: 10    God:    Trog [***...]
Gold:   273        SH:  5    Dex: 13    Spells: 7/7 levels left

rFire    + . .     SeeInvis .   q - +1 dagger (drain)
rCold    . . .     Gourm    .   t - +0 buckler
rNeg     . . .     Faith    .   (helmet restricted)
rPois    .         Spirit   .   (no amulet)
rElec    .         Reflect  .   i - ring of protection from magic
rCorr    .         Harm     .   C - ring of protection from magic
MR       ++...                  g - ring of protection from fire
Stlth    ++++......             (no ring)
HPRegen  0.18/turn              (no ring)
MPRegen  0.11/turn              (no ring)
                                (no ring)
                                (no ring)

@: no status effects
A: almost no armour, stealthy swim, amphibious, 8 rings, constrict 8, camouflage
1, gelatinous body 1
a: Berserk, Trog's Hand, Renounce Religion


You were on level 8 of the Dungeon.
You worshipped Trog.
Trog was most pleased with you.
You were not hungry.

You visited 1 branch of the dungeon, and saw 8 of its levels.

You collected 273 gold pieces.

Inventory:

Hand Weapons
 a - a +0 falchion
 n - a +1 dagger of venom
 q - a +1 dagger of draining (weapon)
 A - a +2 scimitar of holy wrath
Missiles
 B - 5 throwing nets (quivered) {!f}
Armour
 t - a +0 buckler (worn)
Jewellery
 g - a ring of protection from fire (on tentacle)
 i - a ring of protection from magic (left tentacle)
 C - a ring of protection from magic (right tentacle)
Wands
 f - a wand of iceblast (5)
Scrolls
 e - a scroll of amnesia {unknown}
 h - 2 scrolls of teleportation {unknown}
 l - a scroll of magic mapping {unknown}
 o - a scroll of enchant weapon {unknown}
 p - a scroll of remove curse {unknown}
 s - a scroll of blinking {unknown}
 w - a scroll of fear {unknown}
 y - a scroll of noise {unknown}
 z - a scroll of immolation {unknown}
Potions
 c - 2 potions of mutation
 d - 4 potions of flight
 j - a potion of agility
 k - 2 potions of heal wounds
 r - 2 potions of haste
 u - a potion of cancellation {unknown}
 v - 3 potions of curing {unknown}
 x - 2 potions of berserk rage {unknown}
Comestibles
 b - 10 rations


   Skills:
 + Level 5.4 Fighting
 * Level 7.1 Long Blades
 + Level 5.4 Dodging
 + Level 6.2 Stealth
 - Level 4.1 Shields


You had 7 spell levels left.
You didn't know any spells.
Your spell library was empty.

Dungeon Overview and Level Annotations

Branches:
Dungeon (8/15)
 Temple: D:4-7         Lair: D:8-11

Altars:

Shops:
D:6 }


Innate Abilities, Weirdness & Mutations

You cannot wear most types of armour.
You are very stealthy in the water. (Stealth+)
You are amphibious.
You can wear up to eight rings at the same time.
You can use your tentacles to constrict eight enemies at once.
Your skin changes colour to match your surroundings (Stealth+).
Your rubbery body absorbs attacks. (AC +1, EV +1)


Message History

You sense an unholy aura.
q - a +1 dagger of draining (weapon)
A bullfrog comes into view.
The helpless eight-headed hydra fails to defend itself.
You impale the eight-headed hydra!!
The eight-headed hydra barely misses you.
The eight-headed hydra bites you!
You block the eight-headed hydra's attack.
The eight-headed hydra closely misses you.
The eight-headed hydra bites you. x4
All of the chunks of flesh in your inventory have rotted away.
There is an open door here.
There is a stone staircase leading up here.
You block the eight-headed hydra's attack.
The eight-headed hydra bites you!
* * * LOW HITPOINT WARNING * * *
The eight-headed hydra bites you!
* * * LOW HITPOINT WARNING * * *
The eight-headed hydra bites you.
You die...

#.(..........##
.....######.##
#.# #.# ##'##
##...##
##.....##
#......D##
#.......@.#
+.........+
#.........#
##.......##
##.....##
##...## ...#
###.


You could see an eight-headed hydra.

Vanquished Creatures
  Harold (D:7)
  Grinder (D:3)
  Menkaure (D:7)
  A centaur (D:6)
  2 big kobolds (D:3)
  A crimson imp (D:7)
  A centaur skeleton (D:5)
  An orc priest (D:5)
  A bullfrog skeleton (D:6)
  A hound (D:5)
  An orc wizard (D:5)
  A worker ant (D:8)
  2 worker ant zombies
  9 gnolls
  5 adders
  A worm (D:3)
  A dart slug (D:1)
  2 leopard geckos
  3 orcs
  A ball python (D:1)
  4 giant cockroaches
  4 goblins
  5 hobgoblins
  5 jackals (D:1)
  A quokka (D:6)
  6 bats
  3 frilled lizards
  12 kobolds
  3 rats
80 creatures vanquished.

Notes
Turn   | Place    | Note
-------+----------+-------------------------------------------
     0 | D:1      | iamserjio the Octopode Berserker began the quest for the
                  | Orb.
     0 | D:1      | Reached XP level 1. HP: 16/16 MP: 1/1
    71 | D:1      | Reached XP level 2. HP: 21/21 MP: 2/2
   129 | D:2      | Reached skill level 1 in Stealth
   132 | D:2      | Reached XP level 3. HP: 14/26 MP: 3/3
   198 | D:2      | Reached XP level 4. HP: 5/31 MP: 4/4
   242 | D:1      | Reached skill level 4 in Long Blades
   365 | D:1      | Reached ** piety under Trog
   439 | D:1      | Reached XP level 5. HP: 16/36 MP: 5/5
   830 | D:3      | Noticed a big kobold
   832 | D:3      | Noticed a big kobold
   839 | D:3      | Killed a big kobold
   839 | D:3      | Reached XP level 6. HP: 43/43 MP: 6/6
   845 | D:3      | Reached skill level 5 in Long Blades
   932 | D:3      | Noticed Grinder
   942 | D:3      | Killed Grinder
   942 | D:3      | Reached XP level 7. HP: 49/49 MP: 7/7
  1028 | D:5      | Entered Level 5 of the Dungeon
  1234 | D:6      | Found Teraor's Gadget Shop.
  1246 | D:6      | Reached skill level 1 in Shields
  1439 | D:7      | Noticed Harold
  1460 | D:7      | Killed Harold
  1460 | D:7      | Reached skill level 5 in Fighting
  1460 | D:7      | Reached skill level 6 in Long Blades
  1460 | D:7      | Reached skill level 5 in Dodging
  1460 | D:7      | Reached XP level 8. HP: 55/55 MP: 8/8
  1492 | D:7      | Noticed Menkaure
  1504 | D:7      | Reached *** piety under Trog
  1507 | D:7      | Killed Menkaure
  1507 | D:7      | Reached skill level 7 in Long Blades
  1595 | D:8      | Noticed an eight-headed hydra
  1620 | D:8      | Slain by an eight-headed hydra

Vault maps used:
D:1:      eino_arrival_cavern_b, st_stairs_5, minmay_unequal
D:3:      cheibrodos_thug_alley, uniq_jessica, uniq_terence, uniq_grinder
D:4:      overflow_temple_1_default
D:5:      minmay_temple_entry_junction, first_ration
D:6:      nicolae_tso_swordbearing_angel, amethyst_overflow_temple_binary,
          serial_shops, shop
D:7:      lemuel_doored_altar, grunt_ogre_cave, uniq_harold, uniq_menkaure
D:8:      minmay_distorted_concentric_squares, minmay_lair_entry_grove,
          serial_shops, shop_statue, hangedman_tree_tricks, uniq_joseph,
          uniq_pikel

Skill      XL: |  1  2  3  4  5  6  7  8 |
---------------+-------------------------+-----
Stealth        | 1 2 3 4 6 |  6.2
Long Blades    | 4 5 6 7 |  7.1
Fighting       | 4 5 |  5.4
Dodging        | 4 5 |  5.4
Shields        | 3 4 |  4.1

Action                   |  1- 3 |  4- 6 |  7- 9 || total
-------------------------+-------+-------+-------++-------
Melee: Falchion          |    17 |    68 |       ||    85
       Tentacles         |     9 |    24 |    25 ||    58
       Constrict         |     4 |    35 |    18 ||    57
       Dagger            |       |     6 |    55 ||    61
       Scimitar          |       |       |    11 ||    11
Invok: Berserk           |     2 |     1 |     1 ||     4
       Trog's Hand       |       |     2 |     2 ||     4
  Use: Scroll            |       |       |     4 ||     4
 Stab: Sleeping          |     1 |     7 |     2 ||    10
       Distracted        |       |       |     1 ||     1
  Eat: Chunk             |       |     3 |     4 ||     7
Armor: Skin              |     1 |     4 |     1 ||     6
Dodge: Dodged            |    12 |    55 |    30 ||    97
Block: Buckler           |       |       |     9 ||     9
       Rpst.: Falchion   |     3 |    23 |       ||    26

Table legend:
 A = Non-vault XP
 B = Vault XP
 C = Vault XP percentage of total XP
 D = Non-vault monster count
 E = Vault monster count
 F = Vault count percentage of total count
                 A         B        C        D         E       F
            +---------+---------+-------+---------+---------+-------
      Total |     698 |    1654 |  70.3 |      61 |      19 |  23.8
            +---------+---------+-------+---------+---------+-------
        D:1 |      67 |       8 |  10.7 |      23 |       4 |  14.8
        D:2 |     120 |       0 |   0.0 |      12 |       0 |   0.0
        D:3 |      32 |     494 |  93.9 |       9 |      13 |  59.1
        D:5 |     210 |       0 |   0.0 |       9 |       0 |   0.0
        D:6 |     156 |       0 |   0.0 |       4 |       0 |   0.0
        D:7 |      79 |    1152 |  93.6 |       3 |       2 |  40.0
        D:8 |      34 |       0 |   0.0 |       1 |       0 |   0.0
            +---------+---------+-------+---------+---------+-------
